 Dungeon Crawl Stone Soup version 0.28.0-53-g5a82cb258f (webtiles) character file.

Game seed: 13912557592770191715

10536 mcbry74 the Grappler (level 11, 0/147 HPs)
             Began as a Troll Berserker on June 24, 2022.
             Was an Elder of Trog.
             Slain by a tengu warrior
             ... wielding a +1 long sword
              (6 damage)
             ... on level 9 of the Dungeon.
             The game lasted 00:27:21 (7393 turns).

mcbry74 the Grappler (Troll Berserker)              Turns: 7393, Time: 00:27:23

Health: 0/147      AC:  6    Str: 27    XL:     11   Next: 37%
Magic:  10/10      EV: 11    Int:  7    God:    Trog [****..]
Gold:   1461       SH:  0    Dex:  9    Spells: 10/10 levels left

rFire   . . .      SeeInvis +     - Unarmed
rCold   . . .      Faith    .   (no shield)
rNeg    . . .      Spirit   .   a - +0 animal skin
rPois   .          Reflect  .   H - +1 hat {SInv}
rElec   .          Harm     .   x - +0 cloak
rCorr   .          Rampage  .   (gloves unavailable)
Will    ++...                   (boots unavailable)
Stlth   ..........              h - amulet of regeneration
HPRegen 2.94/turn               (no ring)
MPRegen 0.12/turn               (no ring)

@: berserking, strong-willed, regenerating, very quick
A: large, unfitting armour, claws 3, regeneration 1, shaggy fur 1, tough skin 1
a: Renounce Religion, Berserk, Trog's Hand, Brothers in Arms


You were on level 9 of the Dungeon.
You worshipped Trog.
Trog was greatly pleased with you.
You visited 1 branch of the dungeon, and saw 9 of its levels.

You collected 1485 gold pieces.
You spent 24 gold pieces at shops.

Inventory:

Hand Weapons
 E - a +1 mace of venom
Missiles
 b - 11 javelins (quivered)
 o - 5 curare-tipped darts
 r - 20 poisoned darts
 L - 2 boomerangs
 M - 6 large rocks
Armour
 a - a +0 animal skin (worn)
 x - a +0 cloak (worn)
 F - a +2 hat
 H - a +1 hat of see invisible (worn)
Jewellery
 e - a +6 ring of strength
 h - an amulet of regeneration (around neck)
 q - an amulet of guardian spirit
 I - a ring of positive energy
Wands
 l - a wand of mindburst (16)
 t - a wand of flame (12)
 A - a wand of paralysis (11)
 B - a wand of iceblast (8)
 D - a wand of digging (4)
Scrolls
 c - 2 scrolls of fog
 g - 5 scrolls of teleportation
 i - a scroll of noise {unknown}
 k - a scroll of blinking {unknown}
 m - 2 scrolls of vulnerability {unknown}
 p - a scroll of enchant armour {unknown}
 u - 4 scrolls of immolation
 y - a scroll of identify
 J - 2 scrolls of amnesia {unknown}
Potions
 d - 3 potions of flight
 f - a potion of degeneration {unknown}
 j - a potion of curing
 n - a potion of might {unknown}
 s - a potion of cancellation {unknown}
 v - 3 potions of invisibility {unknown}
 w - 2 potions of mutation {unknown}
 z - a potion of heal wounds {unknown}
 C - a potion of attraction {unknown}
 G - a potion of resistance {unknown}
 K - a potion of lignification {unknown}


   Skills:
 + Level 3.7 Fighting
 * Level 7.3 Throwing
 + Level 4.6 Armour
 + Level 5.4 Dodging
 + Level 12.0 Unarmed Combat
 + Level 5.3 Evocations


You had 10 spell levels left.
You didn't know any spells.
Your spell library was empty.

Dungeon Overview and Level Annotations

Branches:
Dungeon (9/15)             Temple (0/1) D:6
   Lair: D:8-11         Orc: D:9-12

Altars:
Dithmenos
Elyvilon
Gozag
Hepliaklqana
Nemelex Xobeh
Okawaru
Sif Muna
Trog
Uskayaw
Xom
Zin
The Shining One

Shops:
D:1 ?   D:2 (


Innate Abilities, Weirdness & Mutations

You are too large for most types of armour.
You have claws for hands.
Your natural rate of healing is unusually fast.
You are covered in fur. (AC +1)
You have tough skin. (AC +1)


Message History

* * * LOW HITPOINT WARNING * * *
The tengu warrior pecks you.
* * * LOW HITPOINT WARNING * * *
The tengu warrior claws you.
* * * LOW HITPOINT WARNING * * *
The tengu warrior blocks your attack.
The tengu warrior is lightly wounded.
You barely miss the tengu warrior.
The tengu warrior is lightly wounded.
You closely miss the tengu warrior. Your claw misses the tengu warrior.
The tengu warrior is lightly wounded.
The tengu warrior hits you with a +1 long sword.
* * * LOW HITPOINT WARNING * * *
The tengu warrior pecks you.
* * * LOW HITPOINT WARNING * * *
The tengu warrior claws you.
* * * LOW HITPOINT WARNING * * *
You mangle the tengu warrior!!
The tengu warrior is heavily wounded.
The tengu warrior hits you with a +1 long sword!
* * * LOW HITPOINT WARNING * * *
The tengu warrior pecks you but does no damage.
The tengu warrior claws you but does no damage.
The tengu warrior blocks your attack.
The tengu warrior is heavily wounded.
The tengu warrior blocks your attack.
The tengu warrior is heavily wounded.
The tengu warrior closely misses you.
The tengu warrior pecks you but does no damage.
The tengu warrior completely misses you.
You closely miss the tengu warrior.
The tengu warrior is heavily wounded.
The tengu warrior blocks your attack.
The tengu warrior is heavily wounded.
The tengu warrior hits you with a +1 long sword.
* * * LOW HITPOINT WARNING * * *
The tengu warrior pecks you.
* * * LOW HITPOINT WARNING * * *
The tengu warrior claws you.
You die...

#○u#.u#..#.###.#...#
##°##°##)):#$.+...#
#R○#.u#.###.#...#
##)#.##.....#...#
###+#####'#####'###...##
#.....#.....#.#)#.#.#..###
#.....#.....#.#.#.#.##...#
+..:..'.....'.#Q#.'.###..#
#.....#.....#.#@#.#.# ##.##
#.....#.....#.....#.# #..#
###'#####'#####'###.# #..#
#.)().#....##.....#.# ##..#
#..#..#.##..#(###.#.###...###
+(....'.###.'.#[..'.........#.
#.#.#.#.###.#)#####...........#
#.....#....)#.....#..........##
####+#####'#####'###....#######


You could see a tengu warrior.

Vanquished Creatures
  Gastronok (D:8)
  3 centaur warriors (D:9)
  2 boulder beetles (D:9)
  Erica (D:9)
  A deep elf pyromancer (D:9)
  A cyclops (D:9)
  A gargoyle (D:9)
  An efreet (D:9)
  Sigmund (D:6)
  4 yaks
  2 humans (D:7)
  A steam dragon (D:8)
  A vampire mosquito (D:9)
  An acid dragon (D:9)
  4 water moccasins
  An orc warrior (D:9)
  2 sky beasts
  A black bear (D:6)
  2 ogres
  A necrophage (D:7)
  6 centaurs
  Blork the orc (D:4)
  3 kobold brigands
  A wyvern zombie (D:6)
  4 killer bees (D:9)
  5 wights (D:8)
  3 howler monkeys (D:8)
  A bullfrog zombie (D:6)
  2 centaur zombies
  2 hounds
  A jelly (D:7)
  2 orc priests (D:4)
  Crazy Yiuf (D:6)
  A gnoll shaman (D:4)
  3 centaur skeletons
  4 iguanas
  9 orc wizards
  A killer bee zombie (D:8)
  A killer bee simulacrum (D:9)
  3 gnolls (D:4)
  3 adders
  An adder skeleton (D:4)
  31 orcs
  4 bats
  3 endoplasms
  2 giant cockroaches
  5 goblins
  9 hobgoblins
  4 jackals
  26 kobolds
  4 quokkas
  2 frilled lizards
  5 rats
185 creatures vanquished.

Vanquished Creatures (others)
  A wizard (D:3)
  An ugly thing (D:9)
2 creatures vanquished.

Grand Total: 187 creatures vanquished

Notes
Turn   | Place    | Note
-------+----------+-------------------------------------------
     0 | D:1      | mcbry74 the Troll Berserker began the quest for the Orb.
     0 | D:1      | Reached XP level 1. HP: 22/22 MP: 0/0
   279 | D:1      | Reached XP level 2. HP: 29/29 MP: 1/1
   311 | D:1      | Found Ucuuw's Magic Scroll Emporium.
   333 | D:1      | Bought a scroll of identify for 24 gold pieces
   743 | D:2      | Found a faded altar of an unknown god.
  1168 | D:2      | Found Yrocol Gargh's Weapon Emporium.
  1260 | D:2      | Reached skill level 4 in Unarmed Combat
  1260 | D:2      | Reached XP level 3. HP: 15/36 MP: 2/2
  1593 | D:3      | Found a hazy altar of Hepliaklqana.
  2001 | D:3      | Reached ** piety under Trog
  2057 | D:3      | Reached XP level 4. HP: 44/44 MP: 3/3
  2215 | D:3      | Reached skill level 5 in Unarmed Combat
  2403 | D:3      | Found a bloodstained altar of Trog.
  2404 | D:3      | Noticed a wizard
  2411 | D:3      | Killed a wizard
  2507 | D:3      | Found an opulent altar of Gozag.
  2511 | D:3      | Found a sparkling altar of Nemelex Xobeh.
  2514 | D:3      | Found a hide-covered altar of Uskayaw.
  2553 | D:4      | Noticed Blork the orc
  2573 | D:4      | Killed Blork the orc
  2574 | D:4      | Reached skill level 6 in Unarmed Combat
  2574 | D:4      | Reached XP level 5. HP: 50/50 MP: 4/4
  2792 | D:4      | Reached XP level 6. HP: 59/59 MP: 5/5
  2877 | D:4      | Reached skill level 7 in Unarmed Combat
  3004 | D:4      | Reached *** piety under Trog
  3458 | D:5      | Entered Level 5 of the Dungeon
  3645 | D:5      | Reached skill level 8 in Unarmed Combat
  3648 | D:5      | Reached XP level 7. HP: 46/66 MP: 6/6
  3810 | D:5      | Found a shimmering altar of Xom.
  4005 | D:5      | Reached skill level 9 in Unarmed Combat
  4015 | D:5      | Found a shimmering blue altar of Sif Muna.
  4299 | D:6      | Reached XP level 8. HP: 46/74 MP: 7/7
  4302 | D:6      | Reached skill level 10 in Unarmed Combat
  4318 | D:6      | Found a staircase to the Ecumenical Temple.
  4362 | D:6      | Found a shadowy altar of Dithmenos.
  4379 | D:6      | Reached skill level 1 in Throwing
  4486 | D:6      | Noticed Sigmund
  4501 | D:6      | Killed Sigmund
  4502 | D:6      | Reached skill level 1 in Armour
  4515 | D:6      | Found a glowing golden altar of the Shining One.
  4627 | D:6      | Found a white marble altar of Elyvilon.
  4628 | D:6      | Found a glowing silver altar of Zin.
  4896 | D:6      | Found a runed translucent door.
  4897 | D:6      | Noticed Crazy Yiuf
  4901 | D:6      | Killed Crazy Yiuf
  4901 | D:6      | Reached **** piety under Trog
  4902 | D:6      | Reached skill level 1 in Evocations
  5079 | D:7      | Identified the +5 hand axe of Xihef {venom, rPois}
  5379 | D:7      | Found an iron altar of Okawaru.
  5399 | D:7      | Reached XP level 9. HP: 38/80 MP: 8/8
  6262 | D:8      | Reached skill level 5 in Throwing
  6418 | D:8      | Noticed Gastronok
  6440 | D:8      | Killed Gastronok
  6441 | D:8      | Reached skill level 11 in Unarmed Combat
  6441 | D:8      | Reached XP level 10. HP: 56/88 MP: 9/9
  6820 | D:9      | Noticed a boulder beetle
  6820 | D:9      | Noticed a boulder beetle
  6834 | D:9      | Noticed a centaur warrior
  6834 | D:9      | Noticed a gargoyle
  6852 | D:9      | Killed a centaur warrior
  6859 | D:9      | HP: 4/132 [gargoyle/stone arrow (20)]
  6860 | D:9      | Killed a gargoyle
  6912 | D:9      | Noticed a cyclops
  6917 | D:9      | Noticed a centaur warrior
  6939 | D:9      | Killed a centaur warrior
  6951 | D:9      | Reached skill level 5 in Dodging
  6977 | D:9      | Killed a cyclops
  7003 | D:9      | Noticed Erica
  7004 | D:9      | Killed a boulder beetle
  7005 | D:9      | Reached XP level 11. HP: 11/97 MP: 10/10
  7027 | D:9      | Killed Erica
  7092 | D:9      | Killed a boulder beetle
  7093 | D:9      | Reached skill level 5 in Evocations
  7209 | D:9      | Noticed a centaur warrior
  7213 | D:9      | Killed a centaur warrior
  7222 | D:9      | Noticed a deep elf pyromancer
  7229 | D:9      | Killed a deep elf pyromancer
  7237 | D:9      | Reached skill level 12 in Unarmed Combat
  7355 | D:9      | Noticed a tengu warrior
  7355 | D:9      | Noticed a white ugly thing
  7367 | D:9      | Killed a white ugly thing
  7393 | D:9      | HP: 6/147 [tengu warrior/+1 long sword (4)]
  7393 | D:9      | Slain by a tengu warrior

Illustrated notes

Levels and vault maps discovered:
D:1:      lightli_molten_gateway, layout_basic, serial_shops, nicolae_shop_trees
D:2:      layout_basic, serial_aquarium, aquarium_bridge_square
          [aquarium_subvault_bridge, aquarium_subvault_balcony,
          aquarium_subvault_bridge, aquarium_subvault_bridge],
          aquarium_window_fake, aquarium_window_corridor_1,
          aquarium_window_fake, aquarium_window_2, aquarium_view_2e,
          aquarium_view_2c, serial_shops, nicolae_shop_behind_doors,
          hellmonk_ecumenical_altar_heavens_door, kennysheep_generic_room_12
D:3:      layout_loops_corners, trog_wizard, lemuel_crystal_altar,
          grunt_temple_overflow_diamond
D:4:      cheibrodos_thug_alley, layout_loops_ring, serial_park_tiny_2,
          uniq_blork_the_orc
D:5:      layout_loops_ring, mainiacjoe_overflow_catch_the_wave
D:6:      layout_basic, good_gods_mini_temple,
          grunt_dithmenos_smoke_and_mirrors, minmay_temple_entry_gardened_gates,
          uniq_crazy_yiuf_cottage, uniq_sigmund
D:7:      layout_loops_cross, okawaru_humans, lemuel_old_faithful
D:8:      layout_loops_ring, lightli_orcish_oven, uniq_gastronok
D:9:      minmay_the_grid_square_5x5_4x4 [minmay_the_grid_square_5x5_spiral,
          minmay_the_grid_square_5x5_three, minmay_the_grid_square_5x5_inner_i,
          minmay_the_grid_square_5x5_seven, minmay_the_grid_square_5x5_bite,
          minmay_the_grid_square_5x5_prize_gold,
          minmay_the_grid_square_5x5_prize_snowflake,
          minmay_the_grid_square_5x5_bracketed,
          minmay_the_grid_square_5x5_three_walls,
          minmay_the_grid_square_5x5_prize_open,
          minmay_the_grid_square_5x5_prize_rear_guard,
          minmay_the_grid_square_5x5_sharp_hourglass,
          minmay_the_grid_square_5x5_slash, minmay_the_grid_square_5x5_inner_z,
          minmay_the_grid_square_5x5_mess,
          minmay_the_grid_square_5x5_pentomino_r], layout_layer_cave,
          minmay_misc_feat_hallway, serial_bayou_ford_a, nrook_mini_vaults,
          uniq_erolcha, uniq_erica

Skill      XL: |  1  2  3  4  5  6  7  8  9 10 11 |
---------------+----------------------------------+-----
Unarmed Combat | 4 6 8 9 10 11 12 | 12.0
Throwing       | 3 5 6 7 |  7.3
Armour         | 2 3 4 |  4.6
Dodging        | 3 4 5 |  5.4
Evocations     | 1 3 4 5 |  5.3
Fighting       | 3 |  3.7

Action                   |  1- 3 |  4- 6 |  7- 9 | 10-12 || total
-------------------------+-------+-------+-------+-------++-------
Melee: Unarmed           |    94 |   130 |   228 |   171 ||   623
       Punch             |     1 |     5 |    14 |    15 ||    35
Throw: Dart              |       |       |     1 |       ||     1
       Javelin           |       |       |       |     1 ||     1
Invok: Trog's Hand       |       |       |       |     4 ||     4
       Berserk           |       |       |       |     3 ||     3
  Use: Scroll            |     1 |     1 |     3 |       ||     5
       Potion            |       |       |       |     3 ||     3
Armor: Animal skin       |    34 |    36 |    46 |    62 ||   178
Dodge: Dodged            |    55 |    56 |    82 |    72 ||   265
